AoeStats
← ElCapytan42

Glade

510959778Analyzed
1v1 RM · 6h ago on Oct 3, 2026· 60m 11s· 2 players
Game mode
Random Map
Map size
Tiny (2 player)
Population
200
Speed
Normal
Resources
Standard
Victory
Conquest
Starting age
Dark Age
Ending age
Imperial Age
RankedLock teamsTeams togetherTeam positionsShared explorationLock speedFull tech treeHidden civsTurbo modeCheats
Victory
Defeat
🇨🇳 Turks · China
552
+14
🇺🇸 Celts · United States
516
-23
ElCapytan42
3:57 Loom
16:17 Feudal Age
22:53 Horse Collar
32:55 Castle Age
31:35 Wheelbarrow
31:55 Double-Bit Axe
33:46 Man-at-Arms
33:55 Pikeman
36:37 Heavy Plow
39:31 Gold Mining
39:54 Scale Mail Armor
40:21 Forging
42:29 Long Swordsman
47:00 Arson
47:45 Town Watch
51:14 Elite Skirmisher
55:39 Bow Saw
小左呀
11:16 Feudal Age
12:06 Double-Bit Axe
13:12 Horse Collar
21:06 Castle Age
20:30 Fletching
20:51 Forging
20:51 Scale Barding Armor
20:47 Padded Archer Armor
20:54 Scale Mail Armor
25:13 Bow Saw
29:05 Husbandry
29:16 Bloodlines
32:12 Gold Mining
32:14 Stone Mining
37:24 Imperial Age
36:09 Bodkin Arrow
36:50 Iron Casting
38:00 Cavalier
40:19 Wheelbarrow
40:38 Heavy Plow
41:02 Elite Janissary
43:35 Hand Cart
43:12 Town Watch
45:36 Gold Shaft Mining
45:33 Artillery
46:50 Bodkin Arrow
47:56 Blast Furnace
47:11 Chain Mail Armor
48:38 Bracer
48:59 Chain Barding Armor
48:54 Leather Archer Armor
57:11 Plate Mail Armor
57:11 Ring Archer Armor
57:16 Plate Barding Armor
Connection lost

Rejoining the realm…

Still unreachable

The connection could not be restored.

Session expired

The server has moved on; the page needs a fresh start.